 Dungeon Crawl Stone Soup version 0.23.2-33-g5129a83184 (webtiles) character file.

Game seed: 12056547310800697165

266 manyhoops the Protected (level 6, -4/63 HPs)
             Began as a Gnoll Wanderer on June 22, 2019.
             Was a Follower of Hepliaklqana.
             Slain by an ogre
             ... wielding a +0 giant club
              (12 damage)
             ... on level 4 of the Dungeon on June 29, 2019.
             The game lasted 00:04:04 (2609 turns).

manyhoops the Protected (Gnoll Wanderer)            Turns: 2609, Time: 00:04:05

Health: -4/63      AC:  9    Str: 21    XL:     6   Next: 20%
Magic:  8/8        EV: 11    Int: 15    God:    Hepliaklqana [*.....]
Gold:   190        SH:  0    Dex: 14    Spells: 8/8 levels left

rFire    . . .     SeeInvis .   q - +2 war axe (freeze)
rCold    . . .     Gourm    .   (no shield)
rNeg     . . .     Faith    .   c - +0 ring mail
rPois    .         Spirit   .   i - +0 helmet
rElec    .         Reflect  .   (no cloak)
rCorr    .         Harm     .   (no gloves)
MR       .....                  (no boots)
Stlth    ..........             (no amulet)
HPRegen  0.20/turn              (no ring)
MPRegen  0.11/turn              (no ring)

@: berserking, very quick
A: distributed training, reduced essence, fangs 1, strong nose
a: Recall Ancestor, Ancestor Identity, Renounce Religion


You were on level 4 of the Dungeon.
You worshipped Hepliaklqana.
Hepliaklqana was aware of your devotion.
You were hungry.

You visited 1 branch of the dungeon, and saw 4 of its levels.

You collected 190 gold pieces.

Inventory:

Hand Weapons
 q - a +2 war axe of freezing (weapon)
Missiles
 a - 7 javelins (quivered)
Armour
 c - a +0 ring mail (worn)
 i - a +0 helmet (worn)
Scrolls
 e - a scroll of fog
 h - 3 scrolls of noise
 j - a scroll of magic mapping {unknown}
 k - 2 scrolls of remove curse {unknown}
 m - a scroll of random uselessness {unknown}
 o - 2 scrolls of amnesia {unknown}
 p - 2 scrolls of teleportation {unknown}
Potions
 d - 2 potions of degeneration {unknown}
 g - a potion of curing {unknown}
 l - a potion of haste {unknown}
 n - 2 potions of heal wounds {unknown}
Comestibles
 f - 4 rations


   Skills:
 + Level 3.1 Fighting
 + Level 1.8 Short Blades
 + Level 1.8 Long Blades
 + Level 1.8 Axes
 + Level 1.8 Maces & Flails
 + Level 1.8 Polearms
 + Level 1.8 Staves
 + Level 1.8 Slings
 + Level 3.1 Bows
 + Level 1.8 Crossbows
 + Level 3.1 Throwing
 + Level 12.1 Armour
 + Level 1.8 Dodging
 + Level 3.0 Stealth
 + Level 1.8 Shields
 + Level 1.8 Unarmed Combat
 + Level 1.8 Spellcasting
 + Level 1.4 Conjurations
 + Level 1.4 Hexes
 + Level 1.4 Charms
 + Level 1.4 Summonings
 + Level 1.4 Necromancy
 + Level 1.4 Translocations
 + Level 1.4 Transmutations
 + Level 1.4 Fire Magic
 + Level 1.4 Ice Magic
 + Level 1.4 Air Magic
 + Level 1.4 Earth Magic
 + Level 1.4 Poison Magic
 + Level 2.0 Invocations
 + Level 1.8 Evocations


You had 8 spell levels left.
You didn't know any spells.
Your spell library was empty.

Dungeon Overview and Level Annotations

Branches:
Dungeon (4/15)
 Temple: D:4-7

Altars:
Hepliaklqana


Innate Abilities, Weirdness & Mutations

Your experience applies equally to all skills.
You have very sharp teeth.
Your uncanny sense of smell can sniff out nearby items.
Your life essence is reduced to manifest your ancestor. (-10% HP)


Message History

You completely miss the plant.
The gnoll hits Septimus with a +0 halberd!
Septimus hits the gnoll.
The ogre closely misses you.
You barely miss the ogre.
The ogre is almost dead.
You hit the plant but do no damage.
Septimus completely misses the gnoll.
The gnoll hits Septimus with a +0 halberd!
Septimus is destroyed!
The ogre hits you with a +0 giant club!
* * * LOW HITPOINT WARNING * * *
You barely miss the ogre. You bite the ogre, but do no damage.
The ogre is almost dead.
You hit the plant but do no damage. The ogre closely misses you.
The gnoll closely misses you.
Okay, then.
A quokka comes into view.
A red film seems to cover your vision as you go berserk!
You feel yourself moving faster!
You feel mighty! The ogre hits you with a +0 giant club!
You die...

#... #.............#
#...#######.....#######.#
#...#...........#
#...#.######....#
##...#.###########
+.....§♣.♣.P.## .
######P§§♣..♣.##♣..♣ ..
##♣§.♣P♣.O♣...PP♣
....#..PP§...♣@r..♣
#.....♣§♣♣g♣.♣..♣ .
##.##....♣.♣.♣ ♣♣♣P.♣ #.
#...♣..♣.♣♣..PPP. #
##.♣♣.♣P...P♣.P
#.R♣.♣(..♣♣..♣
♣.P.♣###.♣.♣.♣..♣
#.(..♣##.##.....♣
##..P#+.g)'#..♣....


You could see an ogre and a quokka.

Vanquished Creatures
  A phantom (D:3)
  An orc wizard (D:3)
  A gnoll (D:4)
  6 adders
  3 worms
  A leopard gecko (D:1)
  3 orcs (D:3)
  A ball python (D:3)
  4 giant cockroaches
  7 hobgoblins
  4 jackals (D:2)
  10 kobolds
  2 quokkas
  8 bats
  8 frilled lizards
  4 goblins
  10 rats
74 creatures vanquished.

Vanquished Creatures (collateral kills)
  A worm (D:3)
  An orc (D:3)
  A goblin (D:3)
  A hobgoblin (D:2)
  A rat (D:3)
5 creatures vanquished.

Vanquished Creatures (others)
  An ancestor (D:4)
1 creature vanquished.

Grand Total: 80 creatures vanquished

Notes
Turn   | Place    | Note
-------+----------+-------------------------------------------
     0 | D:1      | Reached skill level 12 in Armour
     0 | D:1      | manyhoops the Gnoll Wanderer began the quest for the Orb.
     0 | D:1      | manyhoops set off with the following items: a +2 dagger, a
                  | potion of berserk rage, a +0 ring mail, a potion of
                  | lignification, a ration
     0 | D:1      | Reached XP level 1. HP: 17/17 MP: 1/1
     0 | D:1      | Upgraded the game from 0.23.2-30-g0e89c35649 to
                  | 0.23.2-33-g5129a83184
   100 | D:1      | Reached XP level 2. HP: 18/23 MP: 2/2
   518 | D:1      | Reached XP level 3. HP: 28/28 MP: 3/3
   678 | D:2      | Reached skill level 1 in Invocations
   946 | D:2      | Reached skill level 1 in Short Blades
   946 | D:2      | Reached skill level 1 in Long Blades
   946 | D:2      | Reached skill level 1 in Axes
   946 | D:2      | Reached skill level 1 in Maces & Flails
   946 | D:2      | Reached skill level 1 in Polearms
   946 | D:2      | Reached skill level 1 in Staves
   946 | D:2      | Reached skill level 1 in Slings
   946 | D:2      | Reached skill level 1 in Crossbows
   946 | D:2      | Reached skill level 1 in Dodging
   946 | D:2      | Reached skill level 1 in Shields
   946 | D:2      | Reached skill level 1 in Unarmed Combat
   946 | D:2      | Reached skill level 1 in Spellcasting
   946 | D:2      | Reached skill level 1 in Evocations
   946 | D:2      | Reached XP level 4. HP: 30/34 MP: 5/5
  1360 | D:2      | Found a hazy altar of Hepliaklqana.
  1381 | D:2      | Became a worshipper of Hepliaklqana the Forgotten
  1751 | D:3      | Reached skill level 1 in Conjurations
  1751 | D:3      | Reached skill level 1 in Hexes
  1751 | D:3      | Reached skill level 1 in Charms
  1751 | D:3      | Reached skill level 1 in Summonings
  1751 | D:3      | Reached skill level 1 in Necromancy
  1751 | D:3      | Reached skill level 1 in Translocations
  1751 | D:3      | Reached skill level 1 in Transmutations
  1751 | D:3      | Reached skill level 1 in Fire Magic
  1751 | D:3      | Reached skill level 1 in Ice Magic
  1751 | D:3      | Reached skill level 1 in Air Magic
  1751 | D:3      | Reached skill level 1 in Earth Magic
  1751 | D:3      | Reached skill level 1 in Poison Magic
  1841 | D:3      | Reached XP level 5. HP: 35/36 MP: 6/6
  1986 | D:3      | Noticed a phantom
  2000 | D:3      | Killed a phantom
  2000 | D:3      | Reached XP level 6. HP: 30/42 MP: 8/8
  2056 | D:3      | Reached * piety under Hepliaklqana
  2609 | D:4      | Slain by an ogre

Skill      XL: |  1  2  3  4  5  6 |
---------------+-------------------+-----
Armour         | | 12.1
Invocations    | 1 2 |  2.0
Short Blades   | 1 |  1.8
Long Blades    | 1 |  1.8
Axes           | 1 |  1.8
Maces & Flails | 1 |  1.8
Polearms       | 1 |  1.8
Staves         | 1 |  1.8
Slings         | 1 |  1.8
Crossbows      | 1 |  1.8
Dodging        | 1 |  1.8
Shields        | 1 |  1.8
Unarmed Combat | 1 |  1.8
Spellcasting   | 1 |  1.8
Evocations     | 1 |  1.8
Conjurations   | 1 |  1.4
Hexes          | 1 |  1.4
Charms         | 1 |  1.4
Summonings     | 1 |  1.4
Necromancy     | 1 |  1.4
Translocations | 1 |  1.4
Transmutations | 1 |  1.4
Fire Magic     | 1 |  1.4
Ice Magic      | 1 |  1.4
Air Magic      | 1 |  1.4
Earth Magic    | 1 |  1.4
Poison Magic   | 1 |  1.4
Fighting       | 3 |  3.1
Bows           | 3 |  3.1
Throwing       | 3 |  3.1
Stealth        | 3 |  3.0

Action                   |  1- 3 |  4- 6 || total
-------------------------+-------+-------++-------
Melee: Dagger            |   154 |    85 ||   239
       Bite              |    14 |    13 ||    27
       War axe           |       |    54 ||    54
  Use: Potion            |     1 |     1 ||     2
       Scroll            |       |     2 ||     2
 Stab: Sleeping          |       |     3 ||     3
       Distracted        |       |     1 ||     1
  Eat: Chunk             |       |     5 ||     5
Armor: Ring mail         |    58 |    54 ||   112
       Skin              |    20 |       ||    20
Dodge: Dodged            |    66 |    71 ||   137
